 Dungeon Crawl Stone Soup version 0.23.2-1-ga50397a6bc (webtiles) character file.

Game seed: 7344503321303329365

1551 NochnoyZador the Carver (level 8, -10/50 HPs)
             Began as an Octopode Warper on May 8, 2019.
             Was an Initiate of Ashenzari.
             Shot with an arrow by a centaur (11 damage)
             ... on level 6 of the Dungeon.
             The game lasted 00:23:23 (7613 turns).

NochnoyZador the Carver (Octopode Warper)           Turns: 7613, Time: 00:23:24

Health: -10/50     AC:  1    Str: 10    XL:     8   Next: 88%
Magic:  9/11       EV: 14    Int: 15    God:    Ashenzari [......]
Gold:   416        SH:  5    Dex: 14    Spells: 7/11 levels left

rFire    . . .     SeeInvis .   a - +0 falchion (curse)
rCold    + . .     Gourm    .   s - +0 buckler (curse)
rNeg     + . .     Faith    .   (helmet restricted)
rPois    .         Spirit   .   (no amulet)
rElec    .         Reflect  .   l - ring of protection from cold (curse)
rCorr    .         Harm     .   w - ring of positive energy (curse)
MR       .....                  (no ring)
Stlth    +++++.....             (no ring)
HPRegen  0.16/turn              (no ring)
MPRegen  0.12/turn              (no ring)
                                (no ring)
                                (no ring)

@: no status effects
A: almost no armour, stealthy swim, amphibious, 8 rings, constrict 8, camouflage
1, gelatinous body 1
a: Curse Item, Renounce Religion


You were on level 6 of the Dungeon.
You worshipped Ashenzari.
Ashenzari was noncommittal.
You were not hungry.

You visited 2 branches of the dungeon, and saw 7 of its levels.
You also visited: Sewer.

You collected 416 gold pieces.

Inventory:

Hand Weapons
 a - a cursed +0 falchion (weapon)
Missiles
 u - 5 javelins (quivered)
 A - 8 tomahawks
Armour
 s - a cursed +0 buckler (worn)
Jewellery
 l - a cursed ring of protection from cold (left tentacle)
 w - a cursed ring of positive energy (right tentacle)
Scrolls
 b - 3 scrolls of teleportation
 c - 2 scrolls of blinking
 e - a scroll of magic mapping {unknown}
 g - 2 scrolls of fog {unknown}
 i - 2 scrolls of remove curse
 m - 3 scrolls of fear {unknown}
 n - a scroll of enchant armour {unknown}
 p - a scroll of silence {unknown}
 r - a scroll of identify
 v - 2 scrolls of amnesia {unknown}
 y - 2 scrolls of immolation {unknown}
 B - 2 scrolls of enchant weapon {unknown}
Potions
 h - 2 potions of lignification
 j - 7 potions of curing
 k - a potion of berserk rage {unknown}
 o - 2 potions of heal wounds {unknown}
 q - 2 potions of brilliance
 t - a potion of agility {unknown}
 x - a potion of mutation {unknown}
 z - a potion of flight {unknown}
 C - a potion of haste {unknown}
 D - a potion of might {unknown}
Comestibles
 d - a chunk of flesh
 f - 9 rations


   Skills:
 - Level 2.0 Fighting
 + Level 8.5 Long Blades
 - Level 1.0 Throwing
 - Level 2.3 Dodging
 + Level 7.5 Stealth
 - Level 4.2 Shields
 - Level 2.0 Spellcasting
 - Level 3.0 Translocations


You had 7 spell levels left.
You knew the following spells:

 Your Spells              Type           Power        Failure   Level  Hunger
a - Shroud of Golubria    Chrm/Tloc      #.........   19%         2    ###....
b - Blink                 Tloc           N/A          10%         2    ###....

Your spell library contained the following spells:

 Spells                   Type           Power        Failure   Level  Hunger
 Gell's Gravitas          Tloc           ##........   19%         3    ###....
 Lesser Beckoning         Tloc           ##........   19%         3    ###....
 Teleport Other           Tloc           ##......     19%         3    ###....
 Passage of Golubria      Tloc           N/A          54%         4    #####..


Dungeon Overview and Level Annotations

Branches:
Dungeon (6/15)             Temple (1/1) D:5

Altars:
Ashenzari
Cheibriados
Dithmenos
Elyvilon
Fedhas
Gozag
Hepliaklqana
Kikubaaqudgha
Makhleb
Nemelex Xobeh
Okawaru
Qazlal
Ru
Sif Muna
Trog
Uskayaw
Vehumet
Xom
Yredelemnul
Zin
The Shining One


Innate Abilities, Weirdness & Mutations

You cannot wear most types of armour.
You are very stealthy in the water. (Stealth+)
You are amphibious.
You can wear up to eight rings at the same time.
You can use your tentacles to constrict eight enemies at once.
Your skin changes colour to match your surroundings (Stealth+).
Your rubbery body absorbs attacks. (AC +1, EV +1)


Message History

The centaur unwields a +0 shortbow.
The centaur misses you.
You riposte.
You hit the centaur.
The centaur is moderately wounded.
You see here an arrow.
You completely miss the centaur.
The centaur is moderately wounded.
The centaur hits you! The centaur barely misses you.
You hit the centaur. Your squeeze misses the centaur.
The centaur is moderately wounded.
The centaur hits you!
* * * LOW HITPOINT WARNING * * *
You hit the centaur but do no damage. Your squeeze misses the centaur.
The centaur is moderately wounded.
The centaur hits you.
* * * LOW HITPOINT WARNING * * *
Casting: Blink (safe; 10% risk of failure)
Confirm with . or Enter, or press ? or * to list all spells.
You blink.
The centaur wields a +0 shortbow.
The centaur shoots an arrow.
The arrow hits you!
You die...

#...# ####.###.... #...#
#######.[...##....
#...#####.....#.....##....
#......##.....#......#.#..
#......##.....#....#.#.#..
##.....##.....#....#...#..
#.....##.(...#######..#..
#..(..##.....#######..#..
#.?.c§('@....'.......>#..
#......#.....##########..
######.####### #.. #.# ###
#.. ####


You could see a centaur.

Vanquished Creatures
  3 phantoms (D:4)
  An ice beast (D:6)
  3 ogres
  A crocodile (Sewer)
  2 bullfrogs (D:6)
  2 big kobolds (D:5)
  A scorpion (D:4)
  3 hounds
  A centaur zombie (D:6)
  2 orc priests
  2 orc wizards
  A centaur skeleton (D:5)
  An iguana (D:5)
  4 worker ants
  A hound skeleton (D:4)
  4 adders
  A shadow imp (D:6)
  2 oozes
  5 worms
  2 dart slugs
  3 leopard geckos
  19 orcs
  10 bats
  5 giant cockroaches
  5 goblins
  4 hobgoblins
  A quokka (D:3)
  3 ball pythons
  4 frilled lizards
  11 kobolds
  A leopard gecko skeleton (D:4)
  2 quokka skeletons
  5 rats
115 creatures vanquished.

Notes
Turn   | Place    | Note
-------+----------+-------------------------------------------
     0 | D:1      | NochnoyZador the Octopode Warper began the quest for the
                  | Orb.
     0 | D:1      | Reached XP level 1. HP: 14/14 MP: 3/3
   290 | D:1      | Reached XP level 2. HP: 18/19 MP: 5/5
   305 | D:1      | Learned a level 2 spell: Shroud of Golubria
   308 | D:1      | Learned a level 2 spell: Blink
   400 | D:1      | Reached skill level 3 in Long Blades
  1093 | D:2      | Reached XP level 3. HP: 16/24 MP: 6/6
  1967 | D:3      | Reached skill level 1 in Shields
  2076 | D:3      | HP: 1/24 [worker ant (1)]
  2081 | D:3      | Reached skill level 4 in Long Blades
  2081 | D:3      | Reached XP level 4. HP: 5/29 MP: 7/7
  3023 | D:4      | Reached XP level 5. HP: 23/34 MP: 8/8
  3045 | D:4      | Noticed an ogre
  3049 | D:4      | Killed an ogre
  3268 | D:4      | Found a glowing drain.
  3273 | Sewer    | Entered a sewer
  3277 | Sewer    | Reached XP level 6. HP: 38/39 MP: 9/9
  3329 | Sewer    | Reached skill level 5 in Long Blades
  3702 | D:4      | Noticed a phantom
  3737 | D:4      | Killed a phantom
  3828 | D:4      | Reached XP level 7. HP: 19/45 MP: 10/10
  4108 | D:4      | Reached skill level 6 in Long Blades
  4872 | D:4      | Reached skill level 7 in Long Blades
  5047 | D:4      | Found a deep blue altar of Sif Muna.
  5091 | D:5      | Entered Level 5 of the Dungeon
  5200 | D:5      | Reached XP level 8. HP: 50/50 MP: 11/11
  5454 | D:5      | Reached skill level 5 in Stealth
  5722 | D:5      | Found a staircase to the Ecumenical Temple.
  5731 | Temple   | Entered the Ecumenical Temple
  5879 | Temple   | Became a worshipper of Ashenzari the Shackled
  6054 | D:5      | Found a bloodstained altar of Trog.
  6602 | D:6      | Found a basalt altar of Yredelemnul.
  6603 | D:6      | Found a glowing silver altar of Zin.
  6604 | D:6      | Found a glowing golden altar of the Shining One.
  6606 | D:6      | Found an iron altar of Okawaru.
  6647 | D:6      | Reached skill level 8 in Long Blades
  6648 | D:6      | Found a shimmering altar of Xom.
  7612 | D:6      | HP: 1/50 [centaur (6)]
  7613 | D:6      | Shot with an arrow by a centaur

Skill      XL: |  1  2  3  4  5  6  7  8 |
---------------+-------------------------+-----
Long Blades    | 3 4 5 7 8 |  8.5
Shields        | 1 2 3 4 |  4.2
Stealth        | 3 7 |  7.5
Fighting       | |  2.0
Throwing       | |  1.0
Dodging        | |  2.3
Spellcasting   | |  2.0
Translocations | |  3.0

Action                   |  1- 3 |  4- 6 |  7- 9 || total
-------------------------+-------+-------+-------++-------
Melee: Falchion          |    78 |    68 |   175 ||   321
       Constrict         |    18 |    18 |    36 ||    72
       Tentacles         |    13 |    15 |    40 ||    68
Throw: Javelin           |       |    19 |    41 ||    60
       Tomahawk          |       |     9 |    12 ||    21
 Cast: Blink             |       |     2 |     5 ||     7
       Shroud of Golubri |       |     1 |     1 ||     2
Invok: Curse Item        |       |       |     3 ||     3
  Use: Potion            |     1 |       |       ||     1
       Scroll            |       |     4 |     1 ||     5
 Stab: Sleeping          |     5 |     2 |     9 ||    16
  Eat: Chunk             |     4 |     4 |     7 ||    15
       Ration            |       |     1 |     1 ||     2
Armor: Skin              |     5 |    12 |     7 ||    24
Dodge: Dodged            |    42 |    46 |    61 ||   149
Block: Buckler           |       |       |    23 ||    23
       Rpst.: Falchion   |     7 |    14 |    15 ||    36
